 Dungeon Crawl Stone Soup version 0.19-a0-376-gf780d9b (webtiles) character file.

64367 Zwobot the Severer (level 15, -12/134 HPs)
             Began as a Hill Orc Fighter on May 30, 2016.
             Was a High Priest of Hepliaklqana.
             Killed from afar by nubinia's ghost (25 damage)
             ... with a bolt of negative energy
             ... on level 2 of the Orcish Mines.
             The game lasted 01:07:51 (18321 turns).

Zwobot the Severer (Hill Orc Fighter)              Turns: 18321, Time: 01:07:52

Health: -12/134    AC: 26    Str: 21    XL:     15   Next: 12%
Magic:  30/30      EV:  5    Int:  8    God:    Hepliaklqana [*****.]
Gold:   1471       SH:  0    Dex: 12    Spells: 2 memorised, 11 levels left

rFire  + . .     SeeInvis .     a - +0 battleaxe (chop)
rCold  . . .     Gourm    .     x - +5 chain mail of Plog {Regen+ MP+9}
rNeg   . . .     Faith    .     (shield currently unavailable)
rPois  .         Spirit   .     R - +0 helmet
rElec  .         Dismiss  .     L - +1 cloak
rCorr  .         Reflect  .     i - +0 pair of gloves
SustAt .         Harm     .     u - +0 pair of boots
MR     ++...                    T - amulet of regeneration
Stlth  ..........               K - ring "Yroim" {rF+ AC+2 Dex-3 Slay+3}
                                Q - ring of protection from magic

@: very slightly contaminated, heavily drained, very resistant to hostile
enchantments, extremely unstealthy
A: no striking features
a: Recall Ancestor, Ancestor Identity, Transference, Idealise, Renounce Religion


You were on level 2 of the Orcish Mines.
You worshipped Hepliaklqana.
Hepliaklqana was extremely pleased with you.
You were not hungry.

You visited 4 branches of the dungeon, and saw 22 of its levels.

You collected 2067 gold pieces.
You spent 596 gold pieces at shops.

Inventory:

Hand Weapons
 a - a +0 battleaxe of chopping (weapon)
 b - the +8 arbalest of Pesonocy {freeze, +Blink rC++ MP-9 Dex+3}
   (You found it on level 8 of the Lair of Beasts)

   It causes projectiles fired from it to freeze those they strike, causing
   extra injury to most foes and up to half again as much damage against
   particularly susceptible opponents.
   They can also slow down cold-blooded creatures.
   It affects your dexterity (+3).
   It greatly protects you from cold.
   It affects your magic capacity (-9).
   It lets you blink.
 H - a +1 broad axe of chopping
Missiles
 k - 158 bolts
 E - 7 javelins (quivered)
 F - 3 throwing nets
Armour
 i - a +0 pair of gloves (worn)
 u - a +0 pair of boots (worn)
 x - the +5 chain mail of Plog (worn) {Regen+ MP+9}
   (You found it on level 4 of the Lair of Beasts)

   It affects your magic capacity (+9).
   It increases your rate of regeneration.
 L - a +1 cloak (worn)
 M - the cursed +0 swamp dragon armour of Cimmacai {rPois Str+3}
   (You found it on level 7 of the Lair of Beasts)

   It affects your strength (+3).
   It protects you from poison.
   It has a curse placed upon it.
 R - a +0 helmet (worn)
Jewellery
 w - an uncursed ring of resist corrosion
 K - the ring "Yroim" (right hand) {rF+ AC+2 Dex-3 Slay+3}
   (You found it on level 7 of the Dungeon)

   [ring of protection]

   It affects your AC (+2).
   It affects your dexterity (-3).
   It affects your accuracy and damage with ranged weapons and melee attacks
   (+3).
   It protects you from fire.
 Q - a ring of protection from magic (left hand)
 T - an amulet of regeneration (around neck)
Wands
 c - a wand of acid (3/15)
 e - a wand of polymorph (1/24)
 h - a wand of lightning (3/15)
 t - a wand of teleportation (6/9)
 z - a wand of lightning (10/15)
 S - a wand of disintegration (15/24)
 V - a wand of iceblast (6/15)
 Z - a wand of heal wounds (4/9)
Scrolls
 o - 2 scrolls of enchant weapon
 s - 4 scrolls of fog
 y - 3 scrolls of immolation
 A - 2 scrolls of recharging
 C - 2 scrolls of magic mapping
 D - 12 scrolls of remove curse
 J - 3 scrolls of teleportation
 N - 3 scrolls of enchant armour
 P - 4 scrolls of fear
Potions
 d - 2 potions of might
 g - 7 potions of curing
 j - 2 potions of lignification
 l - a potion of haste
 q - a potion of cancellation
 v - 2 potions of cure mutation
 B - 4 potions of brilliance
 W - 2 potions of flight
Miscellaneous
 G - a lamp of fire
 I - a fan of gales (inert)
 O - a box of beasts {used: 1}
Comestibles
 f - 12 bread rations
 m - 2 chunks of flesh
 n - 10 meat rations
 p - 20 fruits
 U - 9 royal jellies


   Skills:
 + Level 12.4(9.9) Fighting
 + Level 19.5(16.6) Axes
 + Level 14.2(11.7) Armour
 + Level 7.6(5.4) Dodging
   Level 3.2(1.3) Shields
 + Level 9.2(7.0) Evocations


You had 11 spell levels left.
You knew the following spells:

 Your Spells              Type           Power        Failure   Level  Hunger
a - Apportation           Tloc           #.........   99%         1    ##.....
b - Blink                 Tloc           N/A          100%        2    ###....


Dungeon Overview and Level Annotations

Branches:
Dungeon (11/15)            Temple (1/1) D:4            Lair (8/8) D:11
 Shoals (0/4) Lair:6       Spider (0/4) Lair:5        Slime (0/6) Lair:6
    Orc (2/2) D:9             Elf (0/3) Orc:2

Altars:
Ashenzari
Cheibriados
Elyvilon
Fedhas
Gozag
Hepliaklqana
Kikubaaqudgha
Makhleb
Pakellas
Ru
Ukayaw
Vehumet
Xom
Yredelemnul
Zin
Beogh

Shops:
D:3 }   D:4 (   D:7 :   D:11 }(

Annotations:
D:3 kae's ghost, amateur MiFi
D:6 Edmund
Orc:2 nubinia's ghost, journeyman DrWz; tstbtto's ghost, adept MiCK


Message History

Your orc throws a tomahawk.
The tomahawk barely misses nubinia's ghost.
The tomahawk dissolves into shadows!
Your orc warrior barely misses nubinia's ghost.
Your orc warrior closely misses tstbtto's ghost.
Nubinia's ghost hits your orc warrior!
Your ogre barely misses tstbtto's ghost.
Blink to where?
Press: ? - help, Dir - move target cursor You are very lightly contaminated with residual magic.
As you read the scroll of blinking, it crumbles to dust.
Citlalmina barely misses nubinia's ghost.
Your orc priest barely misses tstbtto's ghost.
Your orc warrior closely misses tstbtto's ghost.
Citlalmina barely misses nubinia's ghost.
There is a stone staircase leading up here.
The ogre howls, "My nostrils!"
Nubinia's ghost breathes negative energy at you.
The bolt of negative energy hits you!
You feel drained.
You die...

##### ...# #####..# ##...##.#
#.#.....#.## ## #.#..8..#.R#
##.## ##.#)....#.####...#
##..##.))##...##..###
#....##'##.....@....## ..
.#.............##.....#### ..#
.......................#.###..#
.##......<....................+
#.......#..........W.#.......#
##..#.............W.oO..#....##
#............$.O...Oo.........
##.#..........(...Ro.o§#..##
##.....#...(..(...>.......#


You could see an ogre (confused), nubinia's ghost, tstbtto's ghost, a friendly
orc warrior, 2 friendly ogres, a friendly orc priest, 2 friendly orcs and the
friendly Citlalmina the knight.

Vanquished Creatures
  Maud (D:9)
  Josephine (Lair:8)
  2 hydras
  3 catoblepae (Lair:8)
  2 alligators (Lair:7)
  25 death yaks
  The ghost of tstbtto the Cleaver, a novice MiCK of Ru (D:7)
  A hill giant (D:10)
  An orc knight (Orc:1)
  An ugly thing (D:11)
  2 wolf spiders (Orc:1)
  12 elephants
  2 griffons
  Maurice (D:8)
  3 black mambas
  Psyche (D:11)
  8 spiny frogs
  3 rime drakes
  11 komodo dragons
  4 trolls
  2 polar bears
  A two-headed ogre (Lair:5)
  11 blink frogs
  A snapping turtle (Lair:6)
  A slime creature (Lair:7)
  32 yaks
  A tarantella (Orc:1)
  A vampire (D:11)
  A redback (Orc:1)
  4 wraiths (Lair:8)
  2 wyverns
  Eustachio (D:4)
  3 basilisks
  2 hungry ghosts
  14 hippogriffs
  Menkaure (D:7)
  2 wargs (Orc:1)
  2 swamp worms (Lair:7)
  13 water moccasins
  A swamp drake (Lair:7)
  6 porcupines
  8 orc warriors
  4 sky beasts
  4 ice beasts
  A wasp (D:11)
  8 ogres
  16 wolves
  2 centaurs
  10 crocodiles
  A big kobold (D:11)
  8 giant frogs
  A gnoll sergeant (D:7)
  A scorpion (D:3)
  2 howler monkeys
  A giant frog zombie (D:6)
  8 jellies
  A quasit (D:10)
  4 orc priests
  4 hounds
  4 orc wizards
  A centaur skeleton (D:5)
  A giant frog skeleton (D:11)
  Terence (D:2)
  5 iguanas
  Natasha (twice) (D:2)
  5 worker ants
  6 sheep
  11 gnolls
  A howler monkey skeleton (D:4)
  8 adders
  46 river rats
  A shadow imp (D:7)
  7 oozes
  An adder skeleton (D:8)
  3 worms
  A dart slug (D:5)
  2 giant geckos
  45 orcs
  2 giant cockroaches (D:4)
  4 goblins (D:1)
  3 hobgoblins (D:1)
  14 kobolds
  2 quokkas
  5 bats
  4 giant newts
  A jackal skeleton (D:4)
  5 rats
  5 fungi
  2 plants (Lair:8)
469 creatures vanquished.

Vanquished Creatures (collateral kills)
  The ghost of kae the Fencer, a journeyman MiFi of Hepliaklqana (Lair:7)
  A hydra (Lair:8)
  A catoblepas (Lair:5)
  A death yak (Lair:3)
  An orc knight (Orc:1)
  2 hill giants
  A manticore (D:11)
  An elephant (Lair:6)
  A gargoyle (D:11)
  A spiny frog (Lair:2)
  3 komodo dragons (Lair:2)
  6 blink frogs
  7 yaks
  A vampire mosquito (Lair:7)
  A hippogriff (Lair:5)
  3 swamp worms (Lair:7)
  4 water moccasins
  A porcupine (Lair:1)
  A swamp drake (Lair:7)
  5 orc warriors
  2 wasps (Lair:7)
  A sky beast (D:9)
  An ogre (Orc:2)
  3 wolves
  2 crocodiles
  A big kobold (D:7)
  3 giant frogs
  A howler monkey (D:10)
  2 orc priests (Orc:1)
  An orc wizard (Orc:1)
  2 giant frog skeletons
  2 jellies (D:9)
  An iguana (Lair:1)
  4 adders
  6 river rats
  A shadow imp (D:8)
  5 orcs
  2 kobolds (D:7)
  3 butterflies
  A fungus (Lair:2)
87 creatures vanquished.

Vanquished Creatures (others)
  5 knights
  5 sheep (Lair:5)
  13 fungi
  6 plants
29 creatures vanquished.

Grand Total: 585 creatures vanquished

Notes
Turn   | Place    | Note
--------------------------------------------------------------
     0 | D:1      | Zwobot the Hill Orc Fighter began the quest for the Orb.
     0 | D:1      | Reached XP level 1. HP: 19/19 MP: 1/1
    17 | D:1      | Reached skill level 3 in Axes
   267 | D:1      | Reached XP level 2. HP: 26/26 MP: 2/2
   651 | D:1      | Reached skill level 4 in Axes
   914 | D:2      | Reached XP level 3. HP: 30/31 MP: 3/3
   966 | D:2      | Found a blossoming altar of Fedhas.
  1061 | D:2      | You fall through a shaft!
  1202 | D:2      | Noticed Natasha
  1208 | D:2      | Killed Natasha
  1390 | D:2      | Noticed Terence
  1400 | D:2      | Killed Terence
  1400 | D:2      | Reached skill level 5 in Axes
  1400 | D:2      | Reached XP level 4. HP: 39/39 MP: 4/4
  1625 | D:3      | Found an oddly glowing altar of Pakellas.
  1625 | D:3      | Found Pakellas's Prime Provisions.
  1651 | D:3      | Noticed kae's ghost (amateur MiFi)
  1714 | D:2      | Noticed Natasha
  1726 | D:2      | Killed Natasha
  1930 | D:3      | Reached XP level 5. HP: 38/45 MP: 5/5
  1954 | D:4      | Noticed Eustachio
  1973 | D:3      | Reached skill level 6 in Axes
  2104 | D:4      | Killed Eustachio
  2104 | D:4      | Reached skill level 7 in Axes
  2104 | D:4      | Reached XP level 6. HP: 38/51 MP: 6/6
  2193 | D:4      | Found Dyos's Antique Weapon Boutique.
  2197 | D:4      | Found a staircase to the Ecumenical Temple.
  2217 | D:4      | Reached skill level 5 in Armour
  2236 | Temple   | Entered the Ecumenical Temple
  2248 | Temple   | Became a worshipper of Hepliaklqana
  2387 | D:5      | Entered Level 5 of the Dungeon
  2390 | D:5      | Reached skill level 8 in Axes
  2581 | D:5      | Reached XP level 7. HP: 50/57 MP: 7/7
  2834 | D:4      | Reached skill level 9 in Axes
  2956 | D:5      | Found a white marble altar of Elyvilon.
  3258 | D:6      | Reached skill level 10 in Axes
  3258 | D:6      | Reached XP level 8. HP: 43/64 MP: 8/8
  3299 | D:6      | Found a radiant altar of Vehumet.
  3355 | D:4      | Bought a glowing broad axe for 116 gold pieces
  3433 | D:6      | Noticed Edmund
  3528 | D:7      | Reached * piety under Hepliaklqana
  3533 | D:7      | Noticed Menkaure
  3538 | D:7      | Killed Menkaure
  3630 | D:7      | Reached skill level 11 in Axes
  3756 | D:7      | Noticed tstbtto's ghost (novice MiCK)
  3802 | D:7      | Killed tstbtto's ghost
  3802 | D:7      | Reached skill level 12 in Axes
  3802 | D:7      | Reached XP level 9. HP: 70/70 MP: 9/9
  3978 | D:7      | Found Astrerphui's Book Shop.
  4100 | D:7      | Reached skill level 13 in Axes
  4370 | D:7      | Reached ** piety under Hepliaklqana
  4371 | D:7      | Remembered your ancestor Citlalmina as a knight
  4377 | D:7      | Got a crude wooden ring
  4378 | D:7      | Identified the ring "Yroim" {rF+ AC+2 Dex-3 Slay+3} (You found it on level 7 of the Dungeon)
  5242 | D:8      | Noticed Maurice
  5489 | D:8      | Killed Maurice
  5489 | D:8      | Reached skill level 14 in Axes
  5608 | D:9      | Found an opulent altar of Gozag.
  5621 | D:9      | Reached XP level 10. HP: 68/77 MP: 10/10
  5651 | D:9      | Found a shimmering altar of Xom.
  5693 | D:9      | Found a staircase to the Orcish Mines.
  5837 | D:9      | Reached *** piety under Hepliaklqana
  5976 | D:9      | Found a hide-covered altar to Ukayaw.
  6038 | D:10     | Entered Level 10 of the Dungeon
  6164 | D:10     | Reached skill level 15 in Axes
  6399 | D:10     | Noticed a hill giant
  6406 | D:10     | Killed a hill giant
  6426 | D:10     | Noticed a hill giant
  6433 | D:10     | Killed a hill giant
  6433 | D:10     | Reached skill level 10 in Armour
  6567 | D:10     | Reached **** piety under Hepliaklqana
  6837 | D:11     | Found a staircase to the Lair.
  6931 | D:11     | Noticed Psyche
  6942 | D:11     | Paralysed by Psyche for 3 turns
  6947 | D:11     | Killed Psyche
  6956 | D:11     | Reached skill level 16 in Axes
  7281 | D:11     | Noticed a hill giant
  7293 | D:11     | Killed a hill giant
  7619 | D:11     | Found Qufrergh's Antique Weapon Shop.
  7743 | D:11     | Noticed a gargoyle
  7750 | D:11     | Killed a gargoyle
  7750 | D:11     | Reached skill level 5 in Fighting
  7750 | D:11     | Reached XP level 11. HP: 86/86 MP: 11/11
  7883 | D:11     | Found Nihoguh's Gadget Shoppe.
  7897 | D:11     | Bought a lamp of fire for 480 gold pieces
  8048 | D:11     | Noticed a white ugly thing
  8061 | D:11     | Killed a white ugly thing
  8122 | D:11     | Noticed a manticore
  8137 | D:11     | Killed a manticore
  8530 | Lair:1   | Entered Level 1 of the Lair of Beasts
  8913 | Lair:1   | Learned a level 1 spell: Apportation
  8916 | Lair:1   | Learned a level 2 spell: Blink
  8961 | Lair:1   | Reached skill level 1 in Evocations
  8988 | Lair:1   | Reached skill level 1 in Dodging
  8994 | Lair:1   | Reached ***** piety under Hepliaklqana
  9300 | Lair:2   | Reached skill level 17 in Axes
 10032 | Lair:2   | Reached XP level 12. HP: 100/100 MP: 14/14
 11606 | Lair:4   | Noticed a death yak
 11618 | Lair:4   | Noticed a death yak
 11619 | Lair:4   | Noticed a death yak
 11620 | Lair:4   | Noticed a death yak
 11620 | Lair:4   | Killed a death yak
 11621 | Lair:4   | Noticed a death yak
 11660 | Lair:3   | Killed a death yak
 11670 | Lair:3   | Killed a death yak
 11751 | Lair:3   | Killed a death yak
 11795 | Lair:4   | Killed a death yak
 11879 | Lair:4   | Reached skill level 5 in Evocations
 12088 | Lair:4   | Got a pitted chain mail
 12089 | Lair:4   | Identified the +5 chain mail of Plog {Regen+ MP+9} (You found it on level 4 of the Lair of Beasts)
 12650 | Lair:5   | Noticed a catoblepas
 12668 | Lair:5   | Killed a catoblepas
 12668 | Lair:5   | Reached skill level 18 in Axes
 12668 | Lair:5   | Reached XP level 13. HP: 84/111 MP: 17/17
 12758 | Lair:5   | Found a hole to the Spider Nest.
 13461 | Lair:5   | Found a shimmering altar of Xom.
 13587 | Lair:6   | Found a staircase to the Slime Pits.
 13649 | Lair:6   | Reached skill level 10 in Fighting
 13655 | Lair:6   | Reached skill level 5 in Dodging
 14134 | Lair:6   | Found a staircase to the Shoals.
 14894 | Lair:7   | Got a transparent swamp dragon armour
 14895 | Lair:7   | Identified the cursed +0 swamp dragon armour of Cimmacai {rPois Str+3} (You found it on level 7 of the Lair of Beasts)
 15013 | Lair:7   | Noticed kae's ghost (journeyman MiFi)
 15046 | Lair:7   | Killed kae's ghost
 15046 | Lair:7   | Reached XP level 14. HP: 85/124 MP: 19/19
 15886 | Lair:8   | Entered Level 8 of the Lair of Beasts
 16061 | Lair:8   | Got a crystal arbalest
 16062 | Lair:8   | Identified the +8 arbalest of Pesonocy {freeze, +Blink rC++ MP-9 Dex+3} (You found it on level 8 of the Lair of Beasts)
 16247 | Lair:8   | Noticed Josephine
 16255 | Lair:8   | Killed Josephine
 16430 | Lair:8   | Reached skill level 19 in Axes
 17452 | Orc:1    | Entered Level 1 of the Orcish Mines
 17478 | Orc:1    | Noticed Maud
 17544 | D:9      | Killed Maud
 17544 | D:9      | Reached XP level 15. HP: 41/133 MP: 21/21
 17657 | Orc:1    | Remembered your ancestor Citlalmina wielding a demon trident
 18231 | Orc:2    | Entered Level 2 of the Orcish Mines
 18241 | Orc:2    | Found a staircase to the Elven Halls.
 18290 | Orc:2    | Found a roughly hewn altar of Beogh.
 18295 | Orc:2    | Noticed nubinia's ghost (journeyman DrWz)
 18308 | Orc:2    | Noticed tstbtto's ghost (adept MiCK)
 18321 | Orc:2    | Killed from afar by nubinia's ghost

Vault maps used:
D:1:      dpeg_arrival_morbid_curiosity, hangedman_decor_slide_cut
D:2:      first_bread, fedhas_altar_2, uniq_natasha, uniq_terence
D:3:      johnstein_pakellas_shop
D:4:      minmay_temple_entry_statues_fountains, serial_shops,
          nicolae_shop_window_shopping, uniq_eustachio
D:5:      kennysheep_six_static_rooms, nicolae_overflow_hidden_temple,
          minitemple, kennysheep_slug_shrine
D:6:      lemuel_doored_altar, uniq_edmund
D:7:      serial_shops, shop, uniq_menkaure
D:8:      uniq_maurice
D:9:      xom_butterflies, nicolae_gozag_seed_capital, kennysheep_mini,
          orc_0_dummy, hangedman_little_slice_of_home
D:11:     lair_0_dummy, serial_shops, shop_coins, kennysheep_little_box,
          uniq_psyche
Temple:   circular_temple_12
Lair:2:   lightli_volcano_entry_magma_tube, beast_lair_carwin_1,
          grunt_megastairs_3, infiniplex_staircase_pool, lemuel_fruit_tree,
          lemuel_fruit_fields, serial_bayou_shore_b
Lair:3:   grunt_megastairs_1, infiniplex_staircase_pool_2
Lair:5:   nicolae_spider_entry_orb_guardian, hangedman_lair_unloving_vines,
          minivault_24, minmay_hedge_maze, kb_xom_exploding_sheep
Lair:6:   minmay_shoals_entry_hut, minmay_slime_entry_pillars
Lair:7:   onia_ninara_swampy_vault, wad_woods_03, serial_bayou_shore_a
Lair:8:   evilmike_catoblepas_cave, lemuel_fruit_fields, grunt_megastairs_2,
          uniq_josephine
Orc:1:    nicolae_orc_accident_3, uniq_maud
Orc:2:    grunt_orc_community_town_hall, grunt_orc_community_big_house_2,
          grunt_orc_community_big_house_1, grunt_orc_community_house_1,
          grunt_orc_community_house_3, grunt_orc_community_house_2,
          grunt_orc_community_house_1, grunt_orc_community_house_3, basic_altar

Skill      XL: |  1  2  3  4  5  6  7  8  9 10 11 12 13 14 |
---------------+-------------------------------------------+-----
Axes           | 3 4 5 7 8 10 12 14 16 17 18 19 | 19.5
Armour         | 4 5 6 7 9 10 11 12 13 14 | 14.2
Fighting       | 5 7 9 11 12 | 12.4
Evocations     | 3 5 7 9 |  9.2
Dodging        | 2 4 6 7 |  7.6
Shields        | |  3.2

Action                   |  1- 3 |  4- 6 |  7- 9 | 10-12 | 13-15 || total
-------------------------+-------+-------+-------+-------+-------++-------
Melee: War axe           |   122 |    90 |    74 |       |       ||   286
       Broad axe         |       |       |   166 |   210 |       ||   376
       Battleaxe         |       |       |       |   354 |   730 ||  1084
 Fire: Hunting sling     |       |       |     3 |       |       ||     3
Invok: Recall Ancestor   |       |     1 |       |       |       ||     1
       Ancestor Life: Kn |       |       |     1 |       |       ||     1
Knight: Demon Tri        |       |       |       |       |     1 ||     1
Evoke: Fan of gales      |       |       |       |     1 |     2 ||     3
       Wand              |       |       |       |       |    13 ||    13
       Lamp of fire      |       |       |       |       |     2 ||     2
       Box of beasts     |       |       |       |       |     1 ||     1
  Use: Scroll            |     6 |     1 |    12 |    15 |    10 ||    44
       Potion            |       |       |     1 |     3 |     4 ||     8
 Stab: Distracted        |       |       |     1 |     4 |     7 ||    12
  Eat: Chunk             |     2 |     4 |    11 |     8 |    13 ||    38
       Beef jerky        |       |       |     1 |     1 |       ||     2
       Pizza             |       |       |       |     1 |     2 ||     3
       Meat ration       |       |       |       |     1 |       ||     1
       Royal jelly       |       |       |       |     3 |       ||     3
       Fruit             |       |       |       |     6 |     2 ||     8
Armor: Scale mail        |    65 |    46 |    48 |       |       ||   159
       Skin              |       |       |    11 |    20 |       ||    31
       Plate armour      |       |       |    32 |   268 |       ||   300
       Chain mail        |       |       |       |    29 |   380 ||   409
Dodge: Dodged            |    41 |    21 |    42 |   139 |   318 ||   561
Block: Shield            |    56 |    43 |    83 |    71 |       ||   253
